 Dungeon Crawl Stone Soup version 0.14-a0-1168-gf5005bf (webtiles) character file.

184 PolkaDot the Ruinous (level 3, -4/24 HPs)
             Began as a Vampire Conjurer on Nov 29, 2013.
             Slain by MackTheKnife's ghost (8 damage)
             ... on Level 3 of the Dungeon.
             The game lasted 00:04:31 (1544 turns).

PolkaDot the Ruinous (Vampire Conjurer)             Turns: 1544, Time: 00:04:31

HP  -4/24        AC  3     Str  7      XL: 3   Next: 46%
MP   6/6         EV 12     Int 18      God:
Gold 138         SH  9     Dex 14      Spells:  2 memorised,  1 level left

rFire  . . .     SeeInvis +     h - +1,+0 elf short sword
rCold  . . .     Clarity  .     a - +0 robe
rNeg   + . .     Conserve .     g - +1 dwarf buckler
rPois  .         rCorr    .     (no helmet)
rElec  .         rRot     .     e - +0 cloak
SustAb . .       Spirit   .     (no gloves)
rMut   .         Warding  .     (no boots)
Saprov . . .     Stasis   .     (no amulet)
                                (no ring)
                                (no ring)

@: slightly resistant to hostile enchantments, stealthy
A: fangs 3, see invisible, unbreathing
a: Bat Form


You were on level 3 of the Dungeon.
You were not thirsty.

You visited 1 branch of the dungeon, and saw 3 of its levels.

You collected 138 gold pieces.

Inventory:

Hand weapons
 h - a +1,+0 elven short sword (weapon)
Armour
 a - a +0 robe (worn)
 e - a +0 cloak (worn)
 g - a +1 dwarven buckler (worn)
Scrolls
 b - a scroll of noise {unknown}
 d - 2 scrolls of remove curse {unknown}
 j - a scroll of teleportation {unknown}
 l - 2 scrolls of amnesia {unknown}
 m - a scroll of fear {unknown}
 n - a scroll of curse jewellery {unknown}
Potions
 f - a potion of agility {unknown}
 i - 2 potions of confusion {unknown}
 k - a potion of curing {unknown}
Books
 c - a book of Conjurations

   Spells                             Type                      Level
   *Magic Dart                        Conjuration                  1
   *Searing Ray                       Conjuration                  2
   Dazzling Spray                     Conjuration/Hexes            3
   Iskenderun's Mystic Blast          Conjuration                  4
   Iskenderun's Battlesphere          Conjuration/Charms           4
   Fulminant Prism                    Conjuration/Hexes            5


   Skills:
 - Level 2.1 Dodging
 - Level 3.0 Stealth
 + Level 1.2 Shields
 - Level 1.0 Spellcasting
 * Level 3.7 Conjurations


You had one spell level left.
You knew the following spells:

 Your Spells              Type           Power        Failure   Level  Hunger
a - Magic Dart            Conj           ##..         6%          1    ##.....
s - Searing Ray           Conj           ##....       10%         2    ###....


Dungeon Overview and Level Annotations

Branches:
Dungeon (3/16)

Altars:
Elyvilon

Annotations:
D:3 MackTheKnife's ghost, average CeGl


Innate Abilities, Weirdness & Mutations

You have razor-sharp teeth.*
You have supernaturally acute eyesight.
You can survive without breathing.*


Message History

You open the door.
You block MackTheKnife's ghost's attack.
MackTheKnife's ghost barely misses you.
Found 15 gold pieces.
There is an open door here.
MackTheKnife's ghost screams, "Very impressive.
But it won't help.
Nothing will."
MackTheKnife's ghost closely misses you.
You see here 15 gold pieces.
You now have 138 gold pieces (gained 15).
MackTheKnife's ghost hits you!
You block MackTheKnife's ghost's attack.
MackTheKnife's ghost misses you. MackTheKnife's ghost hits you!
* * * LOW HITPOINT WARNING * * *
MackTheKnife's ghost hits you.
* * * LOW HITPOINT WARNING * * *
MackTheKnife's ghost hits you.
* * * LOW HITPOINT WARNING * * *
MackTheKnife's ghost hits you!
You die...

.. #'#
########.#
#.......<#
##'########
#........#
#........#
#........#
#..@.....#
+..p.....#
#........#
#........#
#........#
#........#
#........#
#........#
#........#


You could see MackTheKnife's ghost.

Vanquished Creatures
  A gnoll (D:1)
  An adder (D:2)
  A giant gecko (D:2)
  An ooze (D:2)
  2 ball pythons
  2 giant cockroaches
  2 hobgoblins (D:1)
  2 jackals (D:2)
  A bat (D:1)
  3 giant newts
  5 goblins
  2 kobolds (D:2)
  A rat (D:1)
24 creatures vanquished.

Notes
Turn   | Place    | Note
--------------------------------------------------------------
     0 | D:1      | PolkaDot, the Vampire Conjurer, began the quest for the Orb.
     0 | D:1      | Reached XP level 1. HP: 13/13 MP: 4/4
   153 | D:1      | Reached XP level 2. HP: 7/19 MP: 1/5
   787 | D:1      | Learned a level 2 spell: Searing Ray
   948 | D:2      | Found a white marble altar of Elyvilon.
   969 | D:2      | Reached XP level 3. HP: 13/24 MP: 6/6
   970 | D:2      | Reached skill level 1 in Shields
  1523 | D:3      | Noticed MackTheKnife's ghost (average CeGl)
  1544 | D:3      | Slain by MackTheKnife's ghost

Action                   || total
-------------------------++-------
Melee: Unarmed           ||     2
       Short sword       ||    61
 Cast: Magic Dart        ||    23
  Use: Potion            ||     1
       Scroll            ||     1
 Stab: Sleeping          ||     4
